 Dungeon Crawl Stone Soup version 0.29.1-15-g9cfb28693d (webtiles) character file.

Game seed: 6241919135108311777

198 IndexError the Shooter (level 5, -19/33 HPs)
             Began as a Gargoyle Hunter on Mar 7, 2023.
             Demolished by an ogre
             ... wielding a +0 giant spiked club
              (22 damage)
             ... on level 4 of the Dungeon.
             The game lasted 00:03:12 (2770 turns).

IndexError the Shooter (Gargoyle Hunter)            Turns: 2770, Time: 00:03:12

Health: -19/33     AC:  7    Str: 15    XL:     5   Next: 76%
Magic:  5/5        EV: 11    Int:  9    God:
Gold:   221        SH:  0    Dex: 15    Spells: 4/4 levels left

rFire   . . .      SeeInvis .   a - +0 shortbow
rCold   . . .      Faith    .   (shield currently unavailable)
rNeg    + . .      Spirit   .   c - +0 leather armour
rPois   ∞          Reflect  .   (no helmet)
rElec   +          Harm     .   (no cloak)
rCorr   .          Rampage  .   (no gloves)
Will    .....                   (no boots)
Stlth   ++........              (no amulet)
HPRegen 0.11/turn               (no ring)
MPRegen 0.09/turn               (no ring)

@: no status effects
A: sickness immunity, AC +4, negative energy resistance 1, electricity
resistance, torment resistance 1, petrification resistance
a: no special abilities


You were on level 4 of the Dungeon.
You visited 1 branch of the dungeon, and saw 4 of its levels.

You collected 221 gold pieces.

Inventory:

Hand Weapons
 a - a +0 shortbow (weapon)
Missiles
 m - 3 javelins
Armour
 c - a +0 leather armour (worn)
 i - a +0 helmet
   (You found it on level 2 of the Dungeon)
Jewellery
 o - an amulet of magic regeneration
   (You found it on level 3 of the Dungeon)
Scrolls
 b - a scroll of immolation {!r}
 f - 4 scrolls of identify {unknown}
 h - a scroll of butterflies {unknown}
 k - 3 scrolls of enchant armour {unknown}
 q - a scroll of vulnerability {unknown}
Potions
 d - a potion of ambrosia {unknown}
 e - 2 potions of degeneration {unknown}
 g - 2 potions of curing {unknown}
 j - 2 potions of lignification {unknown}
 l - 2 potions of haste {unknown}
 n - a potion of attraction {unknown}
 p - a potion of cancellation {unknown}


   Skills:
 + Level 4.0 Fighting
 * Level 6.0 Ranged Weapons
 - Level 1.5 Dodging
 - Level 1.1 Stealth


You had 4 spell levels left.
You didn't know any spells.
Your spell library was empty.

Dungeon Overview and Level Annotations

Branches:
Dungeon (4/15)
 Temple: D:4-7

Altars:


Innate Abilities, Weirdness & Mutations

You are immune to sickness and miasma.
Your stone body is resilient. (AC +4)
You are immune to poison.
You resist negative energy. (rN+)
You are resistant to electric shocks. (rElec)
You are resistant to unholy torment.
You are immune to petrification.


Message History

The ball python bites you. The ball python constricts you.
The iguana bites you! The ball python barely misses you.
The ball python constricts you.
You take 10 damage, and have 23/33 hp.
MASSIVE DAMAGE!!
You shoot an arrow. The arrow hits the ball python!
The iguana barely misses you.
You shoot an arrow.
The arrow hits the iguana but does no damage.
The iguana closely misses you. The iguana misses you.
You shoot an arrow. The arrow closely misses the iguana.
The iguana closely misses you.
You shoot an arrow. The arrow hits the iguana.
The iguana bites you!
An orc comes into view. It is wielding a +0 dagger.
You take 12 damage, and have 12/33 hp.
MASSIVE DAMAGE!!
You are too injured to fight recklessly!
You are too injured to fight recklessly!
Fire: a) +0 shortbow
Press: ? - help, Q - select action, (/) - cycle Shift-Dir - straight line, f/p - iguana
Aim: an iguana (moderately wounded, 65% to hit)
You shoot an arrow. The arrow closely misses the iguana.
The orc shouts!
The iguana bites you but does no damage.
An orc comes into view. It is wielding a +0 club.
The iguana misses you.
Fire: a) +0 shortbow
Press: ? - help, Q - select action, (/) - cycle Shift-Dir - straight line, f/p - iguana
Aim: an iguana (moderately wounded, 65% to hit)
You shoot an arrow. The orc shouts!
The arrow hits the iguana!
An orc comes into view.
It is wielding a +0 whip of electrocution.
Your Fighting skill increases to level 4!
Your Ranged Weapons skill increases to level 6!
Fire: a) +0 shortbow
Press: ? - help, Q - select action, (/) - cycle Shift-Dir - straight line, f - orc
Aim: an orc, wielding a +0 dagger and wearing a +0 ring mail (68% to hit)
You shoot an arrow. The orc shouts!
The arrow hits the orc.
Fire: a) +0 shortbow
Press: ? - help, Q - select action, (/) - cycle Shift-Dir - straight line, f/p - orc
Aim: an orc, wielding a +0 dagger and wearing a +0 ring mail (almost dead, 68% to hit)
You shoot an arrow. The arrow closely misses the orc. x2
The arrow hits the orc.
Fire: a) +0 shortbow
Press: ? - help, Q - select action, (/) - cycle Shift-Dir - straight line, f/p - orc
Aim: an orc, wielding a +0 dagger and wearing a +0 ring mail (almost dead, 68% to hit)
You shoot an arrow. The arrow hits the orc.
You climb upwards.
There is a stone staircase leading down here.
HP restored.
Done exploring.
Health restored: 33 You climb downwards.
The orc hits you with a +0 club. The orc hits you but does no damage.
There is a stone staircase leading up here.
You take 4 damage, and have 29/33 hp.
You shoot an arrow. The arrow barely misses the orc.
The orc barely misses you. x2
You shoot an arrow. The arrow hits the orc!
The orc hits you with a +0 club.
You take 4 damage, and have 25/33 hp.
You shoot an arrow. The arrow hits the orc.
The orc misses you. The orc closely misses you.
You shoot an arrow. The arrow closely misses the orc.
The orc closely misses you.
You shoot an arrow. The arrow hits the orc.
No target in view!
No target in view!
HP restored.
Things that are here:
a +0 club; an orc corpse You see here a +0 whip of electrocution.
Health restored: 33
Things that are here:
a +0 ring mail; a +0 dagger An ogre comes into view.
It is wielding a +0 giant spiked club.
You shoot an arrow.
The arrow hits the ogre but does no damage.
You shoot an arrow. The arrow hits the ogre.
You shoot an arrow. The arrow barely misses the ogre.
You shoot an arrow. The arrow barely misses the ogre.
The ogre hits you with a +0 giant spiked club!!
Ouch! That really hurt!
* * * LOW HITPOINT WARNING * * *
You take 30 damage, and have 3/33 hp.
MASSIVE DAMAGE!!
You are too injured to fight recklessly!
You are too injured to fight recklessly!
You are too injured to fight recklessly!
Fire: a) +0 shortbow
Press: ? - help, Q - select action, (/) - cycle Shift-Dir - straight line, f/p - ogre
Aim: an ogre, wielding a +0 giant spiked club (lightly wounded, 77% to hit)
You shoot an arrow. The arrow hits the ogre.
The ogre barely misses you.
Fire: a) +0 shortbow
Press: ? - help, Q - select action, (/) - cycle Shift-Dir - straight line, f/p - ogre
Aim: an ogre, wielding a +0 giant spiked club (lightly wounded, 77% to hit)
You shoot an arrow.
The arrow hits the ogre but does no damage.
The ogre hits you with a +0 giant spiked club!!
Ouch! That really hurt!
You die...

#...##<#####.#
#....)).......
#...[........# #
#...##.#######
.##.#######...##.#
..............##.#
#...........##..
#####.##.#.#####
#@##.#.#
......O......#
######.....###
#######


You could see an ogre.

Vanquished Creatures
  Natasha (thrice) (D:2)
  An iguana (D:4)
  An adder (D:3)
  A gnoll (D:1)
  A worm (D:3)
  A dart slug (D:1)
  5 orcs
  6 bats
  13 endoplasms
  5 giant cockroaches
  3 goblins
  3 hobgoblins
  2 jackals (D:2)
  3 quokkas
  5 ball pythons
  5 frilled lizards
  4 kobolds
  10 rats
72 creatures vanquished.

Notes
Turn   | Place    | Note
-------+----------+-------------------------------------------
     0 | D:1      | IndexError the Gargoyle Hunter began the quest for the Orb.
     0 | D:1      | Reached XP level 1. HP: 12/12 MP: 1/1
    36 | D:1      | Reached XP level 2. HP: 15/18 MP: 2/2
   340 | D:1      | Reached XP level 3. HP: 22/22 MP: 3/3
   839 | D:2      | Noticed Natasha
   843 | D:2      | Killed Natasha
   844 | D:2      | Reached skill level 3 in Fighting
   844 | D:2      | Reached skill level 5 in Ranged Weapons
   844 | D:2      | Reached XP level 4. HP: 28/28 MP: 4/4
  1072 | D:2      | Found a faded altar of an unknown god.
  1165 | D:2      | Noticed Natasha
  1172 | D:2      | Killed Natasha
  1191 | D:2      | Noticed Natasha
  1194 | D:2      | Killed Natasha
  1195 | D:2      | Reached XP level 5. HP: 33/33 MP: 5/5
  2497 | D:4      | Reached skill level 4 in Fighting
  2497 | D:4      | Reached skill level 6 in Ranged Weapons
  2764 | D:4      | Noticed an ogre
  2768 | D:4      | HP: 3/33 [ogre/+0 giant spiked club (30)]
  2770 | D:4      | Demolished by an ogre

Illustrated notes

Levels and vault maps discovered:
D:1:      amcnicky_arrival_abandoned_market, layout_rooms, minivault_23
D:2:      cheibrodos_helix_gallery, layout_loops_ring,
          nicolae_ecumenical_lake_church, uniq_natasha
D:3:      layout_basic, grunt_ministairs_6
D:4:      layout_loops_ring, temple_doors_ab

Skill      XL: |  1  2  3  4  5 |
---------------+----------------+-----
Fighting       | 3 4 |  4.0
Ranged Weapons | 5 6 |  6.0
Dodging        | |  1.5
Stealth        | |  1.1

Action                   |  1- 3 |  4- 6 || total
-------------------------+-------+-------++-------
 Fire: Shortbow          |    62 |   145 ||   207
Armor: Leather armour    |     3 |    14 ||    17
Dodge: Dodged            |    12 |    43 ||    55

Table legend: (Time is in decaauts)
 A = Elapsed time spent in this place.
 B = Non-inter-level travel time spent in this place.
 C = Inter-level travel time spent in this place.
 D = Time resting spent in this place.
 E = Time spent auto-exploring this place.
 F = Levels seen in this place.
 G = Mean time per level.
                   A        B        C        D        E       F      G
               +--------+--------+--------+--------+--------+-----+--------+
         Total |   2832 |   2641 |    191 |      0 |   2274 |   4 |  708.0 |
       Dungeon |   2832 |   2641 |    191 |      0 |   2274 |   4 |  708.0 |
               +--------+--------+--------+--------+--------+-----+--------+

Top non-repeatable levels by time:
     D:2: 948 daAuts
     D:3: 944 daAuts
     D:1: 832 daAuts
     D:4: 107 daAuts

Table legend:
 A = Kills in this place as a percentage of kills in entire the game.
 B = Kills by you in this place as a percentage of kills by you in the entire game.
 C = Kills by friends in this place as a percentage of kills by friends in the entire game.
 D = Other kills in this place as a percentage of other kills in the entire game.
 E = Experience gained in this place as a percentage of experience gained in the entire game.
 F = Experience gained in this place divided by the number of levels of this place that you have seen.
                   A       B       C       D       E      F
               +-------+-------+-------+-------+-------+----------------------
         Total | 100.0 | 100.0 |   N/A |   N/A | 100.0 |  70.8
       Dungeon | 100.0 | 100.0 |   N/A |   N/A | 100.0 |  70.8
               +-------+-------+-------+-------+-------+----------------------
